Thunderbirds vs Griffins

Created - 1 décembre 2025 at 08:32

Goals
1 2 3 T
Thunderbirds 0 0 1 1
Griffins 1 3 3 7
Shots
1 2 3 T
Thunderbirds 6 16 8 30
Griffins 8 16 13 37

GoalsPenalties
1st period
1. Griffins , Sam Rinzel 2 (Francesco Pinelli 7, Mason Geertsen 3) at 7:34
William Trudeau (STL) for Hooking (Minor) at 16:50
2nd period
2. Griffins , Emil Heineman 14 (Topias Vilen 9, Jacob MacDonald 19) at 0:15
3. Griffins , Topias Vilen 4 (Jacob MacDonald 20, Conor Geekie 13) at 2:46 (PP)
4. Griffins , Jiri Kulich 22 (Sam Rinzel 8) at 16:28
Corson Ceulemans (STL) for Boarding (Minor) at 2:40
Mason Geertsen (DET) for Fighting (Major) at 17:02
Arthur Kaliyev (STL) for Fighting (Major) at 17:02
Brett Chorske (DET) for Roughing (Minor) at 19:56
3rd period
5. Griffins , Keean Washkurak 10 (Jacob Melanson 9, Xavier Bernard 6) at 2:25
6. Thunderbirds , Ross Johnston 9 (Cole Guttman 8) at 9:57
7. Griffins , Conor Geekie 13 (T.J. Tynan 15, Jiri Kulich 20) at 11:12 (PP)
8. Griffins , Francesco Pinelli 7 (Cole Schwindt 19) at 17:07
Jiri Kulich (DET) for Interference (Minor) at 5:27
Jacob Melanson (DET) for Fighting (Major) at 10:41
Tristen Robins (STL) for Fighting (Major) at 10:41
Tristen Robins (STL) for instigated a fight (Minor) at 10:41
Tristen Robins (STL) for instigated a fight (10 Minutes Misconduct) at 10:41
Vinni Lettieri (STL) for Holding Stick (Minor) at 12:02
Jacob Melanson (DET) for Fighting (Major) at 16:26
William Trudeau (STL) for Fighting (Major) at 16:26
Jacob MacDonald (DET) for Fighting (Major) at 16:33
John Leonard (STL) for Fighting (Major) at 16:33
Goalie Stats
Kaapo Kahkonen (STL), 30 saves from 37 shots - (0,811), L, 6-8-2, 60:00 minutes
James Reimer (DET), 29 saves from 30 shots - (0,967), W, 13-6-6, 60:00 minutes
3 StarsOfficial
1 - Sam Rinzel (DET)
2 - Francesco Pinelli (DET)
3 - James Reimer (DET)
Referees : Chris Rumble and Sydney Harris
Linesman : Stephanie Gagnon and Brad Kovachik
Game Note
Mason Geertsen beats up Arthur Kaliyev at 17:02 of 2nd period
Jacob Melanson beats up Tristen Robins at 10:41 of 3rd period
Jacob Melanson and William Trudeau fight to a draw at 16:26 of 3rd period
Jacob MacDonald and John Leonard fight to a draw at 16:33 of 3rd period



Team Name Goals Shots Shots Attemp Shots Blocked PIM HIT PP PK FO%
Thunderbirds 130541238280 / 2 (0%)251%
Griffins 73768624232 / 4 (50%)049%

Thunderbirds
Player Name POS G A P +/- PIM HIT SHT SB MP PP MP PP SHT PK MP PK SHT FO% FOT GA TA
Arthur KaliyevRW000-3533118:041:0400:00050% 210
Ben McCartneyLW000-204319:500:5200:3900% 000
Cole GuttmanC/LW/RW0110003017:101:5200:12050% 1200
Corey SchuenemanD000-2012021:550:1901:4000% 010
Corson CeulemansD000-2210115:010:0000:4100% 001
Denton MateychukD000-2025224:432:3402:2900% 012
Hunter HaightC0000020015:070:3701:21050% 800
Jason PolinRW0000011113:410:3200:0000% 000
John LeonardLW000-2520220:131:5601:41067% 300
Josh JacobsD0000000314:161:2400:2600% 000
Konsta HeleniusC000-200108:440:0001:15050% 400
Kurtis MacDermidLW0000001014:131:1000:0000% 012
Ross JohnstonLW/RW1011025016:431:4002:2700% 011
Tristen RobinsRW000-2171206:260:0000:0000% 000
Uvis BalinskisD000-1031128:372:2503:0300% 010
Vinni LettieriC/LW/RW000-3243022:422:1101:35049% 3511
William TrudeauD000-1710015:251:1400:5100% 001
Xavier BourgaultRW0001010012:280:0000:000100% 100
Griffins
Player Name POS G A P +/- PIM HIT SHT SB MP PP MP PP SHT PK MP PK SHT FO% FOT GA TA
Aaron NessD0001001019:500:0001:5900% 001
Anton WahlbergC/LW0001011116:581:4810:0100% 100
Brett ChorskeC/LW/RW000120207:460:0000:0000% 000
Cole SchwindtC/RW0112022020:481:4901:56045% 2201
Conor GeekieC/RW1120025020:052:4610:5800% 020
Elias Petterssen 2D0003001017:261:4500:0000% 010
Emil HeinemanLW/RW1011023018:481:4901:570100% 110
Francesco PinelliC1122002112:590:0600:14038% 800
Jacob MacDonaldLW/D0220521222:042:5002:1200% 022
Jacob MelansonRW01111021010:440:0000:000100% 100
Jiri KulichC/RW1120216020:262:4610:53050% 2610
Keean WashkurakC101100307:270:0000:00075% 400
Mason GeertsenLW/D0112540011:390:0000:0000% 000
Sam RinzelD1122034123:371:4501:5900% 011
T.J. TynanC0110002120:302:4101:44050% 201
Tim GettingerLW000101107:270:0000:0000% 000
Topias VilenD1120032023:152:5011:5900% 000
Xavier BernardD0112000014:070:0000:0000% 001

Thunderbirds

5 vs 5 Forward
Line #Left WingCenterRight WingPHYDFOFWanted %Time %Time Play
1John LeonardVinni LettieriArthur Kaliyev1133936%18:21
2Ross JohnstonCole GuttmanXavier Bourgault1223024%12:34
3Kurtis MacDermidHunter HaightJason Polin1222125%13:03
4Ben McCartneyKonsta HeleniusTristen Robins1221015%7:29
5 vs 5 Defense
Line #DefenseDefensePHYDFOFWanted %Time %Time Play
1Uvis BalinskisCorey Schueneman1223837%19:04
2Denton MateychukWilliam Trudeau1223130%15:13
3Corson CeulemansJosh Jacobs1222125%13:05
4Uvis BalinskisDenton Mateychuk122108%4:05
Power Play Forward
Line #Left WingCenterRight WingPHYDFOFWanted %Time %Time Play
1John LeonardVinni LettieriArthur Kaliyev1136066%2:38
2Kurtis MacDermidCole GuttmanRoss Johnston1134034%1:20
Power Play Defense
Line #DefenseDefensePHYDFOFWanted %Time %Time Play
1Uvis BalinskisDenton Mateychuk11363100%3:58
2Uvis BalinskisDenton Mateychuk113370%0:00
Penalty Kill 4 Players Forward
Line #CenterWingPHYDFOFWanted %Time %Time Play
1Vinni LettieriRoss Johnston1316087%4:00
2Konsta HeleniusJohn Leonard1314013%0:35
Penalty Kill 4 Players Defense
Line #DefenseDefensePHYDFOFWanted %Time %Time Play
1Uvis BalinskisDenton Mateychuk1316054%2:29
2Corey SchuenemanWilliam Trudeau1314046%2:06
Penalty Kill 3 Players
Line #WingPHYDFOFWanted %Time %Time PlayDefenseDefensePHYDFOFWanted %Time %Time Play
1Vinni Lettieri140600%0:00 Uvis BalinskisDenton Mateychuk140600%0:00
2Ross Johnston140400%0:00 Corey SchuenemanWilliam Trudeau140400%0:00
4 vs 4 Forward
Line #CenterWingPHYDFOFWanted %Time %Time Play
1Vinni LettieriArthur Kaliyev122600%0:00
2Cole GuttmanRoss Johnston122400%0:00
4 vs 4 Defense
Line #DefensePHYDFOFWanted %Time %Time Play
1Uvis BalinskisDenton Mateychuk122600%0:00
2Corey SchuenemanWilliam Trudeau122400%0:00
Last Minutes Offensive
Left WingCenterRight WingDefenseDefense
John LeonardVinni LettieriArthur KaliyevUvis BalinskisDenton Mateychuk
Last Minutes Defensive
Left WingCenterRight WingDefenseDefense
Kurtis MacDermidVinni LettieriRoss JohnstonUvis BalinskisDenton Mateychuk
Time
Total ForwardTotal DefenseLast Minutes OffensiveLast Minutes Defensive
60:00 60:00 0:000:00
Extra Forwards
Normal PowerPlayPenalty Kill
John Leonard, Cole Guttman, Ben McCartneyJohn Leonard, Cole GuttmanJohn Leonard
Extra Defensemen
Normal PowerPlayPenalty Kill
William Trudeau, Corson Ceulemans, Josh JacobsWilliam Trudeau, William TrudeauCorson Ceulemans
Penalty Shots
Uvis Balinskis, Vinni Lettieri, Denton Mateychuk, John Leonard, Arthur Kaliyev
Goalie
Kaapo Kahkonen, Devon Levi
Scratches
Tucker Robertson (Healthy), Aleksi Heimosalmi (Healthy), Eduard Sale (Healthy), Ian Moore (Healthy), William Dufour (Healthy) Taylor Gauthier (Healthy)

Griffins

5 vs 5 Forward
Line #Left WingCenterRight WingPHYDFOFWanted %Time %Time Play
1T.J. TynanJiri KulichConor Geekie0323532%16:14
2Anton WahlbergCole SchwindtEmil Heineman0323429%15:09
3Mason GeertsenFrancesco PinelliJacob Melanson0322625%12:37
4Tim GettingerKeean WashkurakBrett Chorske032514%7:27
5 vs 5 Defense
Line #DefenseDefensePHYDFOFWanted %Time %Time Play
1Topias VilenJacob MacDonald0323536%18:20
2Aaron NessSam Rinzel0323434%17:28
3Elias Petterssen 2Xavier Bernard0322627%14:07
4Elias Petterssen 2Sam Rinzel03253%1:32
Power Play Forward
Line #Left WingCenterRight WingPHYDFOFWanted %Time %Time Play
1T.J. TynanJiri KulichConor Geekie0235160%2:46
2Anton WahlbergCole SchwindtEmil Heineman0234940%1:49
Power Play Defense
Line #DefenseDefensePHYDFOFWanted %Time %Time Play
1Topias VilenJacob MacDonald0235162%2:50
2Sam RinzelElias Petterssen 20234938%1:45
Penalty Kill 4 Players Forward
Line #CenterWingPHYDFOFWanted %Time %Time Play
1Cole SchwindtEmil Heineman0325451%2:01
2Jiri KulichT.J. Tynan0324649%1:57
Penalty Kill 4 Players Defense
Line #DefenseDefensePHYDFOFWanted %Time %Time Play
1Topias VilenJacob MacDonald0325450%1:59
2Aaron NessSam Rinzel0324650%1:59
Penalty Kill 3 Players
Line #WingPHYDFOFWanted %Time %Time PlayDefenseDefensePHYDFOFWanted %Time %Time Play
1Cole Schwindt032540%0:00 Topias VilenJacob MacDonald032540%0:00
2Jiri Kulich032460%0:00 Aaron NessSam Rinzel032460%0:00
4 vs 4 Forward
Line #CenterWingPHYDFOFWanted %Time %Time Play
1Jiri KulichConor Geekie032510%0:00
2Cole SchwindtEmil Heineman032490%0:00
4 vs 4 Defense
Line #DefensePHYDFOFWanted %Time %Time Play
1Topias VilenJacob MacDonald032510%0:00
2Elias Petterssen 2Sam Rinzel032490%0:00
Last Minutes Offensive
Left WingCenterRight WingDefenseDefense
Emil HeinemanJiri KulichCole SchwindtJacob MacDonaldSam Rinzel
Last Minutes Defensive
Left WingCenterRight WingDefenseDefense
Emil HeinemanJiri KulichCole SchwindtJacob MacDonaldSam Rinzel
Time
Total ForwardTotal DefenseLast Minutes OffensiveLast Minutes Defensive
60:00 60:00 0:000:00
Extra Forwards
Normal PowerPlayPenalty Kill
Cole Schwindt, Jiri Kulich, Conor GeekieJacob MacDonald, Francesco PinelliConor Geekie
Extra Defensemen
Normal PowerPlayPenalty Kill
Sam Rinzel, Jacob MacDonald, Topias VilenAaron Ness, Xavier BernardElias Petterssen 2
Penalty Shots
Jiri Kulich, Jacob MacDonald, Emil Heineman, Cole Schwindt, Conor Geekie
Goalie
James Reimer, Sebastian Cossa
Scratches
Danny Zhilkin (Healthy), Gavin Hain (Healthy), Brandon Coe (Healthy), Jacob Perreault (Healthy), Tory Dello (Healthy) Reece Newkirk (Healthy), Ronan Seeley (Healthy), Tyrel Bauer (Healthy), Martin Jones (Healthy), Jakub Skarek (Healthy) Jan Bednar (Healthy), Mads Sogaard (Healthy)


Play-by-Play

1st period


0:01 of 1st period - Jiri Kulich wins face-off versus Vinni Lettieri in neutral zone.
0:26 of 1st period - Cole Schwindt is hit by Ross Johnston and loses puck.
0:33 of 1st period - Wrist shot by Ross Johnston.
0:33 of 1st period - Stopped by James Reimer with a rebound.
0:39 of 1st period - William Trudeau is hit by Emil Heineman and loses puck.
0:52 of 1st period - Denton Mateychuk is hit by Topias Vilen and loses puck.
1:55 of 1st period - Wrist shot by Jacob Melanson.
1:55 of 1st period - Shot Blocked by Josh Jacobs.
2:09 of 1st period - Cole Guttman is hit by Sam Rinzel and loses puck.
2:28 of 1st period - Icing by Corey Schueneman.
2:29 of 1st period - Cole Guttman wins face-off versus Jiri Kulich in Thunderbirds zone.
2:33 of 1st period - Off-side.
2:34 of 1st period - Hunter Haight wins face-off versus Jiri Kulich in neutral zone.
3:51 of 1st period - Snap shot by Jiri Kulich.
3:51 of 1st period - Shot Blocked by Denton Mateychuk.
4:05 of 1st period - Xavier Bernard is hit by Uvis Balinskis and loses puck.
4:27 of 1st period - Snap shot by Kurtis MacDermid.
4:27 of 1st period - Stopped by James Reimer with a rebound.
5:09 of 1st period - Wrist shot by Jiri Kulich.
5:09 of 1st period - Stopped by Kaapo Kahkonen with a rebound.
6:09 of 1st period - Snap shot by Denton Mateychuk.
6:09 of 1st period - Shot Misses the Net.
6:11 of 1st period - Backhand shot by Denton Mateychuk.
6:11 of 1st period - Shot Misses the Net.
6:13 of 1st period - Slapshot by Uvis Balinskis.
6:13 of 1st period - Stopped by James Reimer without a rebound.
6:14 of 1st period - Cole Schwindt wins face-off versus Vinni Lettieri in Griffins zone.
6:25 of 1st period - Off-side.
6:26 of 1st period - Vinni Lettieri wins face-off versus Cole Schwindt in neutral zone.
7:28 of 1st period - Snap shot by Sam Rinzel.
7:28 of 1st period - Deflect By Corey Schueneman.
7:28 of 1st period - Stopped by Kaapo Kahkonen with a rebound.
7:34 of 1st period - Slapshot by Sam Rinzel.
7:34 of 1st period - Goal by Sam Rinzel - Thunderbirds : 0 - Griffins : 1.
7:35 of 1st period - Cole Schwindt wins face-off versus Vinni Lettieri in neutral zone.
7:43 of 1st period - Slapshot by John Leonard.
7:43 of 1st period - Deflect By Arthur Kaliyev.
7:43 of 1st period - Shot Misses the Net.
7:43 of 1st period - Puck is out of play.
7:44 of 1st period - Vinni Lettieri wins face-off versus Cole Schwindt in Griffins zone.
8:01 of 1st period - Slapshot by Arthur Kaliyev.
8:01 of 1st period - Shot Blocked by Anton Wahlberg.
8:46 of 1st period - Icing by Arthur Kaliyev.
8:47 of 1st period - John Leonard wins face-off versus Francesco Pinelli in Thunderbirds zone.
8:54 of 1st period - Slapshot by Arthur Kaliyev.
8:54 of 1st period - Shot Blocked by Sam Rinzel.
9:16 of 1st period - Snap shot by Ross Johnston.
9:16 of 1st period - Stopped by James Reimer without a rebound.
9:17 of 1st period - Cole Guttman wins face-off versus Francesco Pinelli in Griffins zone.
10:04 of 1st period - Wrist shot by Ben McCartney.
10:04 of 1st period - Stopped by James Reimer with a rebound.
10:12 of 1st period - Jacob MacDonald is hit by Ben McCartney and loses puck.
10:33 of 1st period - Snap shot by Keean Washkurak.
10:33 of 1st period - Stopped by Kaapo Kahkonen with a rebound.
10:35 of 1st period - Wrist shot by Brett Chorske.
10:35 of 1st period - Stopped by Kaapo Kahkonen with a rebound.
11:03 of 1st period - Vinni Lettieri is hit by Jiri Kulich and loses puck.
12:15 of 1st period - Konsta Helenius is hit by Topias Vilen and loses puck.
12:28 of 1st period - Xavier Bernard is hit by Xavier Bourgault and loses puck.
13:19 of 1st period - Kurtis MacDermid is hit by Sam Rinzel.
14:46 of 1st period - Snap shot by Konsta Helenius.
14:46 of 1st period - Shot Misses the Net.
14:48 of 1st period - Slapshot by Konsta Helenius.
14:48 of 1st period - Stopped by James Reimer with a rebound.
14:58 of 1st period - Uvis Balinskis is hit by Conor Geekie and loses puck.
15:09 of 1st period - Snap shot by Jiri Kulich.
15:09 of 1st period - Stopped by Kaapo Kahkonen without a rebound.
15:10 of 1st period - Francesco Pinelli wins face-off versus Cole Guttman in Thunderbirds zone.
16:06 of 1st period - Snap shot by Tim Gettinger.
16:06 of 1st period - Stopped by Kaapo Kahkonen without a rebound.
16:07 of 1st period - Cole Schwindt wins face-off versus Cole Guttman in Thunderbirds zone.
16:36 of 1st period - Snap shot by Sam Rinzel.
16:36 of 1st period - Deflect By Denton Mateychuk.
16:36 of 1st period - Stopped by Kaapo Kahkonen with a rebound.
16:44 of 1st period - Snap shot by Francesco Pinelli.
16:44 of 1st period - Shot Misses the Net.
16:50 of 1st period - Minor Penalty to William Trudeau for Hooking.
16:51 of 1st period - Vinni Lettieri wins face-off versus Jiri Kulich in Thunderbirds zone.
18:50 of 1st period - Penalty to William Trudeau is over, William Trudeau is back on ice.
19:01 of 1st period - Xavier Bourgault is hit by Mason Geertsen and loses puck.
19:21 of 1st period - Brett Chorske is hit by Ben McCartney and loses puck.
Goals for this period are 0 for Thunderbirds vs 1 for Griffins.
Shots for this period are 6 for Thunderbirds vs 8 for Griffins.

2nd period


0:01 of 2nd period - Cole Schwindt wins face-off versus Vinni Lettieri in neutral zone.
0:15 of 2nd period - Slapshot by Emil Heineman.
0:15 of 2nd period - Goal by Emil Heineman - Thunderbirds : 0 - Griffins : 2.
0:16 of 2nd period - Cole Schwindt wins face-off versus Vinni Lettieri in neutral zone.
0:19 of 2nd period - Slapshot by Jacob MacDonald.
0:19 of 2nd period - Stopped by Kaapo Kahkonen without a rebound.
0:20 of 2nd period - Vinni Lettieri wins face-off versus Cole Schwindt in Thunderbirds zone.
0:20 of 2nd period - Vinni Lettieri is hit by Anton Wahlberg.
0:54 of 2nd period - Wrist shot by Conor Geekie.
0:54 of 2nd period - Shot Misses the Net.
2:14 of 2nd period - Snap shot by Cole Guttman.
2:14 of 2nd period - Shot Misses the Net.
2:16 of 2nd period - Snap shot by Ross Johnston.
2:16 of 2nd period - Stopped by James Reimer with a rebound.
2:18 of 2nd period - Slapshot by Denton Mateychuk.
2:18 of 2nd period - Stopped by James Reimer without a rebound.
2:19 of 2nd period - Cole Schwindt wins face-off versus Vinni Lettieri in Griffins zone.
2:26 of 2nd period - Slapshot by Jacob MacDonald.
2:26 of 2nd period - Shot Misses the Net.
2:34 of 2nd period - Snap shot by Cole Schwindt.
2:34 of 2nd period - Shot Misses the Net.
2:40 of 2nd period - Minor Penalty to Corson Ceulemans for Boarding.
2:41 of 2nd period - Jiri Kulich wins face-off versus Vinni Lettieri in Thunderbirds zone.
2:42 of 2nd period - Snap shot by Conor Geekie.
2:42 of 2nd period - Shot Misses the Net.
2:44 of 2nd period - Slapshot by Jacob MacDonald.
2:44 of 2nd period - Shot Misses the Net.
2:46 of 2nd period - Slapshot by Topias Vilen.
2:46 of 2nd period - Goal by Topias Vilen - Thunderbirds : 0 - Griffins : 3.
2:47 of 2nd period - Cole Schwindt wins face-off versus John Leonard in neutral zone.
2:56 of 2nd period - Emil Heineman is hit by Corey Schueneman and loses puck.
3:02 of 2nd period - Off-side.
3:03 of 2nd period - Cole Guttman wins face-off versus Jiri Kulich in neutral zone.
3:30 of 2nd period - Cole Schwindt is hit by John Leonard and loses puck.
3:51 of 2nd period - Topias Vilen is hit by William Trudeau and loses puck.
4:00 of 2nd period - Snap shot by Cole Schwindt.
4:00 of 2nd period - Stopped by Kaapo Kahkonen with a rebound.
4:24 of 2nd period - Snap shot by Francesco Pinelli.
4:24 of 2nd period - Shot Blocked by Ben McCartney.
5:03 of 2nd period - Snap shot by Arthur Kaliyev.
5:03 of 2nd period - Shot Misses the Net.
5:05 of 2nd period - Wrist shot by Vinni Lettieri.
5:05 of 2nd period - Shot Misses the Net.
5:07 of 2nd period - Slapshot by Denton Mateychuk.
5:07 of 2nd period - Stopped by James Reimer with a rebound.
5:29 of 2nd period - Snap shot by Jacob Melanson.
5:29 of 2nd period - Stopped by Kaapo Kahkonen with a rebound.
5:41 of 2nd period - Wrist shot by Tristen Robins.
5:41 of 2nd period - Stopped by James Reimer without a rebound.
5:42 of 2nd period - Keean Washkurak wins face-off versus Konsta Helenius in Griffins zone.
5:42 of 2nd period - Keean Washkurak is hit by Ben McCartney.
5:50 of 2nd period - Wrist shot by Keean Washkurak.
5:50 of 2nd period - Shot Blocked by Josh Jacobs.
5:52 of 2nd period - Snap shot by Tim Gettinger.
5:52 of 2nd period - Shot Blocked by Corson Ceulemans.
5:54 of 2nd period - Slapshot by Elias Petterssen 2.
5:54 of 2nd period - Shot Misses the Net.
5:56 of 2nd period - Snap shot by Keean Washkurak.
5:56 of 2nd period - Shot Blocked by Josh Jacobs.
6:14 of 2nd period - Wrist shot by Emil Heineman.
6:14 of 2nd period - Shot Blocked by Arthur Kaliyev.
6:32 of 2nd period - Icing by Corey Schueneman.
6:33 of 2nd period - Cole Guttman wins face-off versus Jiri Kulich in Thunderbirds zone.
6:48 of 2nd period - Corey Schueneman is hit by Topias Vilen and loses puck.
7:03 of 2nd period - Snap shot by Ross Johnston.
7:03 of 2nd period - Deflect By Cole Guttman.
7:03 of 2nd period - Shot Misses the Net.
7:03 of 2nd period - Puck is out of play.
7:04 of 2nd period - Vinni Lettieri wins face-off versus Cole Schwindt in Griffins zone.
7:17 of 2nd period - Slapshot by Sam Rinzel.
7:17 of 2nd period - Stopped by Kaapo Kahkonen without a rebound.
7:18 of 2nd period - Vinni Lettieri wins face-off versus Francesco Pinelli in Thunderbirds zone.
7:18 of 2nd period - Vinni Lettieri is hit by Mason Geertsen.
8:00 of 2nd period - Snap shot by T.J. Tynan.
8:00 of 2nd period - Stopped by Kaapo Kahkonen with a rebound.
8:26 of 2nd period - Wrist shot by Ben McCartney.
8:26 of 2nd period - Stopped by James Reimer without a rebound.
8:27 of 2nd period - Vinni Lettieri wins face-off versus Cole Schwindt in Griffins zone.
8:32 of 2nd period - Snap shot by Vinni Lettieri.
8:32 of 2nd period - Shot Misses the Net.
8:52 of 2nd period - Ross Johnston is hit by Jacob Melanson and loses puck.
9:19 of 2nd period - Snap shot by Conor Geekie.
9:19 of 2nd period - Stopped by Kaapo Kahkonen with a rebound.
9:28 of 2nd period - Icing by Corson Ceulemans.
9:29 of 2nd period - Konsta Helenius wins face-off versus Keean Washkurak in Thunderbirds zone.
9:41 of 2nd period - Icing by Brett Chorske.
9:42 of 2nd period - Keean Washkurak wins face-off versus Vinni Lettieri in Griffins zone.
9:42 of 2nd period - Keean Washkurak is hit by Vinni Lettieri.
9:48 of 2nd period - Slapshot by Topias Vilen.
9:48 of 2nd period - Shot Misses the Net.
9:50 of 2nd period - Slapshot by Brett Chorske.
9:50 of 2nd period - Stopped by Kaapo Kahkonen with a rebound.
10:55 of 2nd period - Topias Vilen is hit by Denton Mateychuk and loses puck.
11:01 of 2nd period - Icing by Topias Vilen.
11:02 of 2nd period - Vinni Lettieri wins face-off versus Jiri Kulich in Griffins zone.
11:14 of 2nd period - Slapshot by Topias Vilen.
11:14 of 2nd period - Stopped by Kaapo Kahkonen without a rebound.
11:15 of 2nd period - Vinni Lettieri wins face-off versus Cole Schwindt in Thunderbirds zone.
11:22 of 2nd period - Slapshot by Emil Heineman.
11:22 of 2nd period - Stopped by Kaapo Kahkonen with a rebound.
11:24 of 2nd period - Slapshot by Aaron Ness.
11:24 of 2nd period - Stopped by Kaapo Kahkonen with a rebound.
11:26 of 2nd period - Slapshot by Anton Wahlberg.
11:26 of 2nd period - Deflect By Emil Heineman.
11:26 of 2nd period - Stopped by Kaapo Kahkonen with a rebound.
11:40 of 2nd period - Francesco Pinelli is hit by Ross Johnston and loses puck.
11:53 of 2nd period - Wrist shot by Cole Guttman.
11:53 of 2nd period - Stopped by James Reimer with a rebound.
12:03 of 2nd period - Wrist shot by Tristen Robins.
12:03 of 2nd period - Stopped by James Reimer without a rebound.
12:04 of 2nd period - Konsta Helenius wins face-off versus Cole Schwindt in Griffins zone.
12:11 of 2nd period - Snap shot by Ben McCartney.
12:11 of 2nd period - Stopped by James Reimer without a rebound.
12:12 of 2nd period - Cole Schwindt wins face-off versus Vinni Lettieri in Griffins zone.
12:12 of 2nd period - Cole Schwindt is hit by Vinni Lettieri.
12:22 of 2nd period - Emil Heineman is hit by Arthur Kaliyev and loses puck.
12:41 of 2nd period - Wrist shot by T.J. Tynan.
12:41 of 2nd period - Shot Misses the Net.
12:43 of 2nd period - Slapshot by Conor Geekie.
12:43 of 2nd period - Stopped by Kaapo Kahkonen without a rebound.
12:44 of 2nd period - Vinni Lettieri wins face-off versus Jiri Kulich in Thunderbirds zone.
12:49 of 2nd period - Snap shot by Vinni Lettieri.
12:49 of 2nd period - Stopped by James Reimer without a rebound.
12:50 of 2nd period - John Leonard wins face-off versus T.J. Tynan in Griffins zone.
12:55 of 2nd period - Wrist shot by Vinni Lettieri.
12:55 of 2nd period - Stopped by James Reimer with a rebound.
12:57 of 2nd period - Slapshot by Denton Mateychuk.
12:57 of 2nd period - Stopped by James Reimer without a rebound.
12:58 of 2nd period - Arthur Kaliyev wins face-off versus Jiri Kulich in Griffins zone.
13:05 of 2nd period - Wrist shot by Arthur Kaliyev.
13:05 of 2nd period - Stopped by James Reimer without a rebound.
13:06 of 2nd period - Jacob Melanson wins face-off versus Arthur Kaliyev in Griffins zone.
13:16 of 2nd period - Icing by Uvis Balinskis.
13:17 of 2nd period - Cole Schwindt wins face-off versus Vinni Lettieri in Thunderbirds zone.
13:24 of 2nd period - Emil Heineman is hit by Uvis Balinskis and loses puck.
13:52 of 2nd period - Off-side.
13:53 of 2nd period - Xavier Bourgault wins face-off versus Jiri Kulich in neutral zone.
14:06 of 2nd period - Snap shot by Ross Johnston.
14:06 of 2nd period - Stopped by James Reimer with a rebound.
14:08 of 2nd period - Slapshot by William Trudeau.
14:08 of 2nd period - Shot Blocked by Jacob MacDonald.
14:18 of 2nd period - Jason Polin is hit by Mason Geertsen and loses puck.
14:39 of 2nd period - Keean Washkurak is hit by Tristen Robins and loses puck.
14:53 of 2nd period - Uvis Balinskis is hit by Tim Gettinger and loses puck.
15:10 of 2nd period - Anton Wahlberg is hit by Arthur Kaliyev and loses puck.
15:50 of 2nd period - Off-side.
15:51 of 2nd period - Hunter Haight wins face-off versus Francesco Pinelli in neutral zone.
16:15 of 2nd period - Slapshot by Denton Mateychuk.
16:15 of 2nd period - Stopped by James Reimer without a rebound.
16:16 of 2nd period - Jiri Kulich wins face-off versus Vinni Lettieri in Griffins zone.
16:21 of 2nd period - William Trudeau is hit by Conor Geekie and loses puck.
16:26 of 2nd period - Wrist shot by Jiri Kulich.
16:26 of 2nd period - Stopped by Kaapo Kahkonen with a rebound.
16:28 of 2nd period - Snap shot by Jiri Kulich.
16:28 of 2nd period - Goal by Jiri Kulich - Thunderbirds : 0 - Griffins : 4.
16:29 of 2nd period - Vinni Lettieri wins face-off versus Cole Schwindt in neutral zone.
16:54 of 2nd period - Uvis Balinskis is hit by Jacob MacDonald and loses puck.
17:02 of 2nd period - Mason Geertsen beats up Arthur Kaliyev.
17:02 of 2nd period - Penalty to Mason Geertsen for Fighting.
17:02 of 2nd period - Penalty to Arthur Kaliyev for Fighting.
17:03 of 2nd period - Jiri Kulich wins face-off versus Cole Guttman in Thunderbirds zone.
17:28 of 2nd period - Cole Schwindt is hit by Hunter Haight and loses puck.
17:53 of 2nd period - Slapshot by Corey Schueneman.
17:53 of 2nd period - Deflect By Jacob MacDonald.
17:53 of 2nd period - Stopped by James Reimer without a rebound.
17:54 of 2nd period - Francesco Pinelli wins face-off versus Cole Guttman in Griffins zone.
18:06 of 2nd period - Wrist shot by Jacob MacDonald.
18:06 of 2nd period - Deflect By Jiri Kulich.
18:06 of 2nd period - Deflect By Corson Ceulemans.
18:06 of 2nd period - Shot Misses the Net.
18:06 of 2nd period - Puck is out of play.
18:07 of 2nd period - Vinni Lettieri wins face-off versus Anton Wahlberg in Thunderbirds zone.
18:38 of 2nd period - Snap shot by John Leonard.
18:38 of 2nd period - Shot Misses the Net.
18:40 of 2nd period - Slapshot by William Trudeau.
18:40 of 2nd period - Shot Misses the Net.
18:42 of 2nd period - Snap shot by Cole Guttman.
18:42 of 2nd period - Stopped by James Reimer without a rebound.
18:43 of 2nd period - Emil Heineman wins face-off versus Hunter Haight in Griffins zone.
19:40 of 2nd period - Jacob MacDonald is hit by Corson Ceulemans and loses puck.
19:56 of 2nd period - Minor Penalty to Brett Chorske for Roughing.
19:57 of 2nd period - Vinni Lettieri wins face-off versus Cole Schwindt in Griffins zone.
Goals for this period are 0 for Thunderbirds vs 3 for Griffins.
Shots for this period are 16 for Thunderbirds vs 16 for Griffins.

3rd period


0:01 of 3rd period - Vinni Lettieri wins face-off versus Cole Schwindt in neutral zone.
0:06 of 3rd period - Jacob MacDonald is hit by John Leonard and loses puck.
0:13 of 3rd period - Snap shot by Cole Guttman.
0:13 of 3rd period - Shot Blocked by Jacob MacDonald.
1:36 of 3rd period - William Trudeau is hit by Jacob MacDonald and loses puck.
1:56 of 3rd period - Penalty to Brett Chorske is over, Brett Chorske is back on ice.
2:25 of 3rd period - Wrist shot by Keean Washkurak.
2:25 of 3rd period - Goal by Keean Washkurak - Thunderbirds : 0 - Griffins : 5.
2:26 of 3rd period - Jiri Kulich wins face-off versus Hunter Haight in neutral zone.
2:51 of 3rd period - Corson Ceulemans is hit by Sam Rinzel and loses puck.
3:02 of 3rd period - Jason Polin is hit by Mason Geertsen and loses puck.
3:23 of 3rd period - Tim Gettinger is hit by Hunter Haight and loses puck.
3:36 of 3rd period - Slapshot by Jiri Kulich.
3:36 of 3rd period - Shot Blocked by Jason Polin.
4:00 of 3rd period - Slapshot by Corson Ceulemans.
4:00 of 3rd period - Shot Misses the Net.
4:02 of 3rd period - Slapshot by Arthur Kaliyev.
4:02 of 3rd period - Stopped by James Reimer without a rebound.
4:03 of 3rd period - Vinni Lettieri wins face-off versus Cole Schwindt in Griffins zone.
4:11 of 3rd period - Emil Heineman is hit by Vinni Lettieri and loses puck.
5:25 of 3rd period - Slapshot by Uvis Balinskis.
5:25 of 3rd period - Shot Blocked by T.J. Tynan.
5:27 of 3rd period - Minor Penalty to Jiri Kulich for Interference.
5:28 of 3rd period - Vinni Lettieri wins face-off versus Cole Schwindt in Griffins zone.
6:17 of 3rd period - Emil Heineman is hit by Uvis Balinskis and loses puck.
7:24 of 3rd period - Aaron Ness is hit by Ben McCartney and loses puck.
7:27 of 3rd period - Penalty to Jiri Kulich is over, Jiri Kulich is back on ice.
7:40 of 3rd period - Corson Ceulemans is hit by Jacob Melanson and loses puck.
8:42 of 3rd period - Elias Petterssen 2 is hit by Denton Mateychuk and loses puck.
8:47 of 3rd period - Snap shot by T.J. Tynan.
8:47 of 3rd period - Shot Blocked by John Leonard.
8:49 of 3rd period - Snap shot by T.J. Tynan.
8:49 of 3rd period - Stopped by Kaapo Kahkonen without a rebound.
8:50 of 3rd period - Vinni Lettieri wins face-off versus Jiri Kulich in Thunderbirds zone.
8:59 of 3rd period - Slapshot by Jacob MacDonald.
8:59 of 3rd period - Shot Misses the Net.
9:01 of 3rd period - Wrist shot by Jacob MacDonald.
9:01 of 3rd period - Deflect By Jiri Kulich.
9:01 of 3rd period - Stopped by Kaapo Kahkonen with a rebound.
9:03 of 3rd period - Wrist shot by Conor Geekie.
9:03 of 3rd period - Shot Blocked by Uvis Balinskis.
9:13 of 3rd period - Uvis Balinskis is hit by Cole Schwindt and loses puck.
9:42 of 3rd period - Elias Petterssen 2 is hit by Vinni Lettieri and loses puck.
9:55 of 3rd period - Slapshot by Vinni Lettieri.
9:55 of 3rd period - Stopped by James Reimer without a rebound.
9:56 of 3rd period - Cole Guttman wins face-off versus Jiri Kulich in Griffins zone.
9:57 of 3rd period - Wrist shot by Ross Johnston.
9:57 of 3rd period - Goal by Ross Johnston - Thunderbirds : 1 - Griffins : 5.
9:58 of 3rd period - Jiri Kulich wins face-off versus Cole Guttman in neutral zone.
10:01 of 3rd period - Wrist shot by Conor Geekie.
10:01 of 3rd period - Stopped by Kaapo Kahkonen with a rebound.
10:23 of 3rd period - Topias Vilen is hit by Jason Polin and loses puck.
10:41 of 3rd period - Jacob Melanson beats up Tristen Robins.
10:41 of 3rd period - Penalty to Jacob Melanson for Fighting.
10:41 of 3rd period - Penalty to Tristen Robins for Fighting.
10:41 of 3rd period - Penalty to Tristen Robins for instigated a fight.
10:41 of 3rd period - Penalty to Tristen Robins for instigated a fight.
10:42 of 3rd period - Jiri Kulich wins face-off versus Vinni Lettieri in neutral zone.
11:02 of 3rd period - Icing by Jacob MacDonald.
11:03 of 3rd period - Jiri Kulich wins face-off versus Vinni Lettieri in Griffins zone.
11:08 of 3rd period - Slapshot by Jiri Kulich.
11:08 of 3rd period - Shot Misses the Net.
11:10 of 3rd period - Wrist shot by T.J. Tynan.
11:10 of 3rd period - Shot Misses the Net.
11:12 of 3rd period - Slapshot by Conor Geekie.
11:12 of 3rd period - Goal by Conor Geekie - Thunderbirds : 1 - Griffins : 6.
11:13 of 3rd period - T.J. Tynan wins face-off versus Vinni Lettieri in neutral zone.
11:16 of 3rd period - Wrist shot by Conor Geekie.
11:16 of 3rd period - Stopped by Kaapo Kahkonen with a rebound.
11:18 of 3rd period - Slapshot by T.J. Tynan.
11:18 of 3rd period - Deflect By Uvis Balinskis.
11:18 of 3rd period - Shot Misses the Net.
11:18 of 3rd period - Puck is out of play.
11:19 of 3rd period - Jiri Kulich wins face-off versus Vinni Lettieri in Thunderbirds zone.
12:02 of 3rd period - Minor Penalty to Vinni Lettieri for Holding Stick.
12:03 of 3rd period - Jiri Kulich wins face-off versus Hunter Haight in Thunderbirds zone.
12:35 of 3rd period - Wrist shot by Anton Wahlberg.
12:35 of 3rd period - Stopped by Kaapo Kahkonen with a rebound.
12:47 of 3rd period - Wrist shot by Emil Heineman.
12:47 of 3rd period - Shot Misses the Net.
12:49 of 3rd period - Wrist shot by Jiri Kulich.
12:49 of 3rd period - Stopped by Kaapo Kahkonen with a rebound.
12:51 of 3rd period - Wrist shot by T.J. Tynan.
12:51 of 3rd period - Shot Blocked by John Leonard.
14:02 of 3rd period - Penalty to Vinni Lettieri is over, Vinni Lettieri is back on ice.
14:11 of 3rd period - Slapshot by Keean Washkurak.
14:11 of 3rd period - Stopped by Kaapo Kahkonen without a rebound.
14:12 of 3rd period - Keean Washkurak wins face-off versus Hunter Haight in Thunderbirds zone.
14:15 of 3rd period - Slapshot by Brett Chorske.
14:15 of 3rd period - Shot Misses the Net.
14:33 of 3rd period - Xavier Bourgault is hit by Cole Schwindt and loses puck.
14:52 of 3rd period - Snap shot by Jiri Kulich.
14:52 of 3rd period - Shot Blocked by Denton Mateychuk.
15:15 of 3rd period - Vinni Lettieri is hit by Emil Heineman.
15:50 of 3rd period - Snap shot by Jiri Kulich.
15:50 of 3rd period - Shot Misses the Net.
15:52 of 3rd period - Snap shot by Conor Geekie.
15:52 of 3rd period - Shot Misses the Net.
16:11 of 3rd period - Off-side.
16:12 of 3rd period - Hunter Haight wins face-off versus Francesco Pinelli in neutral zone.
16:26 of 3rd period - Jacob Melanson and William Trudeau fight to a draw.
16:26 of 3rd period - Penalty to Jacob Melanson for Fighting.
16:26 of 3rd period - Penalty to William Trudeau for Fighting.
16:27 of 3rd period - Jiri Kulich wins face-off versus Vinni Lettieri in neutral zone.
16:33 of 3rd period - Jacob MacDonald and John Leonard fight to a draw.
16:33 of 3rd period - Penalty to Jacob MacDonald for Fighting.
16:33 of 3rd period - Penalty to John Leonard for Fighting.
16:34 of 3rd period - Jiri Kulich wins face-off versus Vinni Lettieri in neutral zone.
16:47 of 3rd period - Snap shot by Cole Guttman.
16:47 of 3rd period - Stopped by James Reimer with a rebound.
17:03 of 3rd period - Wrist shot by Francesco Pinelli.
17:03 of 3rd period - Shot Misses the Net.
17:05 of 3rd period - Snap shot by Francesco Pinelli.
17:05 of 3rd period - Stopped by Kaapo Kahkonen with a rebound.
17:07 of 3rd period - Snap shot by Francesco Pinelli.
17:07 of 3rd period - Goal by Francesco Pinelli - Thunderbirds : 1 - Griffins : 7.
17:08 of 3rd period - Jiri Kulich wins face-off versus Cole Guttman in neutral zone.
17:19 of 3rd period - Snap shot by Cole Guttman.
17:19 of 3rd period - Shot Misses the Net.
18:21 of 3rd period - Wrist shot by Cole Schwindt.
18:21 of 3rd period - Stopped by Kaapo Kahkonen without a rebound.
18:22 of 3rd period - Cole Schwindt wins face-off versus Konsta Helenius in Thunderbirds zone.
18:53 of 3rd period - Snap shot by Elias Petterssen 2.
18:53 of 3rd period - Stopped by Kaapo Kahkonen with a rebound.
19:16 of 3rd period - Wrist shot by Arthur Kaliyev.
19:16 of 3rd period - Shot Blocked by Francesco Pinelli.
19:18 of 3rd period - Snap shot by Cole Guttman.
19:18 of 3rd period - Shot Misses the Net.
19:20 of 3rd period - Slapshot by Corey Schueneman.
19:20 of 3rd period - Stopped by James Reimer without a rebound.
19:21 of 3rd period - Francesco Pinelli wins face-off versus Vinni Lettieri in Griffins zone.
19:21 of 3rd period - Francesco Pinelli is hit by Arthur Kaliyev.
19:35 of 3rd period - Slapshot by Arthur Kaliyev.
19:35 of 3rd period - Stopped by James Reimer with a rebound.
19:37 of 3rd period - Wrist shot by Cole Guttman.
19:37 of 3rd period - Shot Misses the Net.
19:39 of 3rd period - Snap shot by Cole Guttman.
19:39 of 3rd period - Shot Misses the Net.
19:41 of 3rd period - Slapshot by Denton Mateychuk.
19:41 of 3rd period - Stopped by James Reimer with a rebound.
19:43 of 3rd period - Slapshot by Corson Ceulemans.
19:43 of 3rd period - Deflect By Arthur Kaliyev.
19:43 of 3rd period - Shot Misses the Net.
19:43 of 3rd period - Puck is out of play.
19:44 of 3rd period - Hunter Haight wins face-off versus Jiri Kulich in Griffins zone.
19:49 of 3rd period - Snap shot by Kurtis MacDermid.
19:49 of 3rd period - Shot Misses the Net.
19:55 of 3rd period - Snap shot by Jason Polin.
19:55 of 3rd period - Stopped by James Reimer without a rebound.
19:56 of 3rd period - Cole Guttman wins face-off versus Jiri Kulich in Griffins zone.
Goals for this period are 1 for Thunderbirds vs 3 for Griffins.
Shots for this period are 8 for Thunderbirds vs 13 for Griffins.